 Dungeon Crawl Stone Soup version 0.30.1-9-gdf580d7c3d (webtiles) character file.

Game seed: 11208151130226237621

75 monsoonserge the Ducker (level 4, -4/37 HPs)
             Began as a Merfolk Monk on Oct 25, 2023.
             Slain by a gnoll
             ... wielding a +0 flail
              (7 damage)
             ... on level 2 of the Dungeon.
             The game lasted 00:03:39 (1380 turns).

monsoonserge the Ducker (Merfolk Monk)              Turns: 1380, Time: 00:03:40

Health: -4/37      AC:  6    Str: 11    XL:     4   Next: 31%
Magic:  4/4        EV: 12    Int:  9    God:
Gold:   49         SH:  0    Dex: 18    Spells: 3/3 levels left

rFire   . . .        a - +0 falchion
rCold   . . .        d - orb {light}
rNeg    . . .        j - +0 ring mail
rPois   .            g - +0 helmet
rElec   .            (no cloak)
rCorr   .            (no gloves)
SInv    .            (no boots)
Will    .....        i - amulet of magic regeneration
Stlth   +            (no ring)
HPRegen 0.26/turn    (no ring)
MPRegen 0.49/turn

%: no passive effects
@: glowing
A: (nimble swimmer 2), mertail
a: no special abilities


You were on level 2 of the Dungeon.
You visited 1 branch of the dungeon, and saw 2 of its levels.

You collected 49 gold pieces.

Inventory:

Hand Weapons
 a - a +0 falchion (weapon)
Missiles
 k - 2 throwing nets (quivered)
Armour
 b - a +0 robe
 d - an orb of light (worn)
 g - a +0 helmet (worn)
 j - a +0 ring mail (worn)
Jewellery
 i - an amulet of magic regeneration (around neck)
Scrolls
 f - a scroll of enchant weapon {unknown}
 h - 2 scrolls of noise {unknown}
 l - a scroll of fog {unknown}
 m - a scroll of blinking {unknown}
 n - a scroll of teleportation {unknown}
 p - a scroll of identify {unknown}
 r - a scroll of fear {unknown}
 t - a scroll of silence {unknown}
Potions
 c - a potion of ambrosia
 e - a potion of heal wounds {unknown}
 o - 2 potions of flight
 s - a potion of brilliance


   Skills:
 + Level 4.1 Fighting
 + Level 4.6 Long Blades
 + Level 0.6 Armour
 + Level 4.7 Dodging


You had 3 spell levels left.
You didn't know any spells.
Your spell library contained the following spells:

 Spells                   Type           Power      Damage    Failure   Level
 Blink                    Tloc           0%         N/A       83%         2
 Lesser Beckoning         Tloc           0%         N/A       83%         2
 Momentum Strike          Conj/Tloc      0%         3d8       83%         2
 Simulacrum               Ice/Necr       0%         N/A       100%        6
 Ozocubu's Refrigeration  Ice            0%         4d7       100%        7
 Polar Vortex             Ice            0%         N/A       100%        9


Dungeon Overview and Level Annotations

Branches:
Dungeon (2/15)

Altars:

Annotations:
D:1 dig for DALARA GIEPU x3


Innate Abilities, Weirdness & Mutations

((You are very nimble when in or above water. (Stealth+, EV+, Speed+++)))
Your lower body shifts to a powerful aquatic tail in water.


Message History

You hit the gnoll.
The gnoll is moderately wounded.
The gnoll hits you with a +0 whip.
You hit the gnoll.
The gnoll is severely wounded.
The gnoll completely misses you.
You hit the gnoll.
The gnoll is almost dead.
You hit the gnoll.
You kill the gnoll!
The gnoll hits you with a +0 flail.
You hit the gnoll.
The gnoll is lightly wounded.
The gnoll barely misses you.
The gnoll hits you from afar with a +0 halberd!
Okay, then.
It was a potion of flight.
You feel very buoyant.
You fly up into the air.
The gnoll hits you with a +0 flail. The gnoll barely misses you.
It was a potion of brilliance.
You feel clever all of a sudden. The gnoll hits you with a +0 flail.
The gnoll hits you from afar with a +0 halberd.
Okay, then.
You slash the gnoll!
The gnoll is almost dead.
The gnoll barely misses you.
The gnoll hits you from afar with a +0 halberd!
* * * LOW HITPOINT WARNING * * *
Unknown command.
It was a potion of resistance.
You feel protected. The gnoll closely misses you. The gnoll barely misses you.
It was a potion of cancellation.
Your magical effects are unravelling.
You feel magically purged.
You float gracefully downwards.
You feel a little less clever now.
Your resistance to elements expires.
The gnoll hits you with a +0 flail!
You die...

##############
#.†....[......
#.############ #†#
#......# #.#
#.####.### ######.#
#.#..#.#.. #)@....#
#....#.#.#
#g###########.#.#.#
#g....gg........#.#
#######g......###>#
#.......# #.#
#.......# #..
#####.......# #..
#...........# ##.
#...........# ##


You could see 2 gnolls.

Vanquished Creatures
  Jessica (D:2)
  A gnoll (D:2)
  3 dart slugs (D:1)
  4 ball pythons
  4 endoplasms
  A giant cockroach (D:2)
  2 goblins (D:2)
  A hobgoblin (D:2)
  6 jackals
  2 quokkas
  2 bats
  A frilled lizard (D:2)
  2 rats (D:1)
30 creatures vanquished.

Notes
Turn   | Place    | Note
-------+----------+-------------------------------------------
     0 | D:1      | monsoonserge the Merfolk Monk began the quest for the Orb.
     0 | D:1      | Reached XP level 1. HP: 18/18 MP: 1/1
   155 | D:1      | Reached XP level 2. HP: 19/24 MP: 2/2
   823 | D:2      | Noticed Jessica
   833 | D:2      | Killed Jessica
   834 | D:2      | Reached XP level 3. HP: 30/30 MP: 3/3
  1194 | D:2      | Reached XP level 4. HP: 34/37 MP: 4/4
  1380 | D:2      | Slain by a gnoll

Illustrated notes

Levels and vault maps discovered:
D:1:      dpeg_arrival_houses_and_road, layout_loops_cross, minmay_statues_item,
          chequers_jeans
D:2:      layout_basic, uniq_jessica

Skill      XL: |  1  2 |
---------------+-------+-----
Long Blades    | 4 |  4.6
Fighting       | 4 |  4.1
Armour         | |  0.6
Dodging        | |  4.7

Action                     |  1- 3 |  4- 6 || total
---------------------------+-------+-------++-------
  Melee: Falchion          |    46 |    25 ||    71
    Use: Potion            |       |     4 ||     4
 Armour: Ring mail         |     5 |    10 ||    15
  Dodge: Dodged            |    35 |    20 ||    55
